 Dungeon Crawl Stone Soup version 0.28-a0-1143-gcf6077d4cc (webtiles) character file.

Game seed: 16527168949803554574

118 ytrimaz the Skirmisher (level 4, -7/37 HPs)
             Began as a Demonspawn Fighter on Dec 13, 2021.
             Killed by nerve-wracking pain
             ... invoked by Jessica
              (12 damage)
             ... on level 3 of the Dungeon.
             The game lasted 00:02:01 (1808 turns).

ytrimaz the Skirmisher (Demonspawn Fighter)         Turns: 1808, Time: 00:02:02

Health: -7/37      AC: 18    Str: 18    XL:     4   Next: 72%
Magic:  2/4        EV:  7    Int: 10    God:
Gold:   63         SH:  4    Dex: 12    Spells: 3/3 levels left

rFire   . . .      SeeInvis .   a - +0 war axe (vorpal)
rCold   . . .      Faith    .   c - +0 buckler
rNeg    . . .      Spirit   .   m - +0 chain mail
rPois   .          Reflect  .   k - +2 helmet
rElec   .          Harm     .   (no cloak)
rCorr   .          Rampage  .   (no gloves)
Will    .....                   (no boots)
Stlth   ..........              (no amulet)
HPRegen 0.12/turn               (no ring)
MPRegen 0.09/turn               (no ring)

@: sanguine armoured
A: ignite blood 1, sanguine armour 1
a: no special abilities


You were on level 3 of the Dungeon.
You visited 1 branch of the dungeon, and saw 3 of its levels.

You collected 63 gold pieces.

Inventory:

Hand Weapons
 a - a +0 vorpal war axe (weapon)
Armour
 c - a +0 buckler (worn)
 k - a +2 helmet (worn)
 m - a +0 chain mail (worn)
Wands
 l - a wand of iceblast (4)
Scrolls
 j - a scroll of amnesia
Potions
 b - a potion of heal wounds {unknown}
 d - a potion of might
 e - a potion of magic
 f - a potion of attraction {unknown}
 g - a potion of haste {unknown}
 h - 2 potions of lignification {unknown}
 i - 2 potions of curing {unknown}
 n - a potion of cancellation {unknown}


   Skills:
 + Level 3.7 Fighting
 + Level 3.3 Axes
 + Level 3.1 Armour
 + Level 3.1 Shields


You had 3 spell levels left.
You didn't know any spells.
Your spell library contained the following spells:

 Spells                   Type           Power      Damage    Failure   Level
 Slow                     Hex            0%         N/A       99%         1
 Confusing Touch          Hex            0%         N/A       100%        3
 Vampiric Draining        Necr           0%         2d6       100%        3


Dungeon Overview and Level Annotations

Branches:
Dungeon (3/15)

Altars:

Annotations:
D:3 3 runed translucent doors, Jessica; McGhostyFace's ghost, amateur GnWz


Innate Abilities, Weirdness & Mutations

Your demonic aura sometimes causes spilled blood to erupt in flames.
When seriously injured, your blood forms armour. (AC +6)


Message History

Sorry, you're not good enough to have a special ability.
Unknown command.
Jessica the Apprentice Sorceress comes into view.
She is wielding a +1 antimagic dagger and wearing a +2 robe of positive energy.
Found an escape hatch in the floor.
Jessica mumbles some strange words.
Jessica seems to speed up.
Jessica is nearby!
Jessica is nearby!
Jessica shouts, "You are a ghastly nuisance!"
Jessica gestures wildly while chanting.
Jessica blinks!
Jessica casts a spell at you.
You barely resist. Jessica gestures at you while chanting.
You barely resist. You closely miss Jessica.
Jessica hits you but does no damage.
Jessica hits you with a +1 antimagic dagger.
You feel your power leaking away.
You are too injured to fight recklessly!
You hit Jessica.
Jessica is heavily wounded.
Jessica gestures at you while chanting. Pain shoots through your body!
* * * LOW HITPOINT WARNING * * *
You block Jessica's attack.
You are too injured to fight recklessly!
You barely miss Jessica.
Jessica is heavily wounded.
Jessica hits you but does no damage. x2
You are too injured to fight recklessly!
You barely miss Jessica.
Jessica is heavily wounded.
Jessica casts a spell.
Jessica blinks!
Unknown command.
Unknown command.
Unknown command.
Jessica points at you and mumbles some strange words.
Pain shoots through your body!
You die...

#.......# ##......... #.#######.
##.......# #....≈≈≈....#......#..
#..†....####...≈≈≈≈≈...######....
#.......#.....≈≈...≈≈... ###..
##......).....≈≈.>.≈≈... #..
#......#.....≈≈@..≈≈... ###
#......####...≈≈≈≈≈...# #.......#
#....≈≈≈....# #########
##...@.....# ##.......##
###...### #####


You could see Jessica (fast).

Vanquished Creatures
  Ijyb (D:3)
  Terence (D:3)
  An adder skeleton (D:3)
  A worm (D:2)
  4 orcs (D:3)
  4 bats
  5 endoplasms
  A giant cockroach (D:3)
  5 hobgoblins
  8 jackals
  A quokka (D:3)
  6 ball pythons
  7 frilled lizards
  2 goblins (D:3)
  5 kobolds (D:1)
  3 rats
55 creatures vanquished.

Notes
Turn   | Place    | Note
-------+----------+-------------------------------------------
     0 | D:1      | ytrimaz the Demonspawn Fighter began the quest for the Orb.
     0 | D:1      | Reached XP level 1. HP: 18/18 MP: 1/1
   388 | D:1      | Gained mutation: When seriously injured, your blood forms
                  | armour. (AC +6) [demonic ancestry]
   388 | D:1      | Reached XP level 2. HP: 24/24 MP: 2/2
  1179 | D:2      | Reached XP level 3. HP: 24/29 MP: 3/3
  1319 | D:3      | Found a runed translucent gate.
  1393 | D:3      | Found a runed translucent gate.
  1393 | D:3      | Found a runed translucent gate.
  1445 | D:3      | Noticed McGhostyFace's ghost (amateur GnWz)
  1606 | D:3      | Found a faded altar of an unknown god.
  1612 | D:3      | Noticed Ijyb
  1621 | D:3      | Killed Ijyb
  1622 | D:3      | Gained mutation: Your demonic aura sometimes causes spilled
                  | blood to erupt in flames. [demonic ancestry]
  1622 | D:3      | Reached XP level 4. HP: 36/36 MP: 4/4
  1769 | D:3      | Noticed Terence
  1788 | D:3      | Killed Terence
  1790 | D:3      | Noticed Jessica
  1808 | D:3      | Killed from afar by Jessica

Illustrated notes

Levels and vault maps discovered:
D:1:      scummos_arrival_forest, layout_basic
D:2:      layout_basic, grunt_decor_one_mirror
D:3:      layout_rooms, tgw_sif, basic_ecumenical_altar, gammafunk_ghost_icy,
          uniq_terence, uniq_ijyb

Skill      XL: |  1  2  3 |
---------------+----------+-----
Axes           | 2 3 |  3.3
Armour         | 3 |  3.1
Shields        | 3 |  3.1
Fighting       | |  3.7

Action                   |  1- 3 |  4- 6 || total
-------------------------+-------+-------++-------
Melee: War axe           |   130 |    18 ||   148
  Use: Scroll            |     7 |     1 ||     8
Armor: Scale mail        |    61 |       ||    61
       Chain mail        |    40 |     8 ||    48
Dodge: Dodged            |    81 |     7 ||    88
Block: Buckler           |    44 |     2 ||    46

Table legend: (Time is in decaauts)
 A = Elapsed time spent in this place.
 B = Non-inter-level travel time spent in this place.
 C = Inter-level travel time spent in this place.
 D = Time resting spent in this place.
 E = Time spent auto-exploring this place.
 F = Levels seen in this place.
 G = Mean time per level.
                   A        B        C        D        E       F      G
               +--------+--------+--------+--------+--------+-----+--------+
         Total |   1867 |   1834 |     33 |     15 |   1362 |   3 |  622.3 |
       Dungeon |   1867 |   1834 |     33 |     15 |   1362 |   3 |  622.3 |
               +--------+--------+--------+--------+--------+-----+--------+

Top non-repeatable levels by time:
     D:1: 1155 daAuts
     D:3: 553 daAuts
     D:2: 159 daAuts
